 Dungeon Sprint DCSS version 0.31-a0-986-g5e6e4ef867 (webtiles) character file.

Game seed: 16115777860078784087

32855 sircluck the Brawler (level 13, -13/229 HPs)
             Began as a Troll Berserker on Nov 13, 2023.
             Was the Champion of Trog.
             Killed from afar by an orb of fire (65 damage)
             ... with a fireball
             ... in the Dungeon (Sprint VII: "The Pits").
             The game lasted 00:08:31 (2739 turns).

sircluck the Brawler (Troll Berserker)              Turns: 2739, Time: 00:08:31

Health: -13/229    AC: 15    Str: 32    XL:     13   Next: 33%
Magic:  12/12      EV: 18    Int:  3    God:    Trog [******]
Gold:   61         SH:  0    Dex: 12    Spells: 12/12 levels left

rFire   . .          .
                       - Unarmed
rCold   . . .        (no shield)
rNeg    . . .        o - +0 swamp dragon scales
rPois   +            (helmet restricted)
rElec   +            k - +0 cloak
rCorr   .            (gloves unavailable)
SInv    .            (boots unavailable)
Will    .....        A - amulet of faith Stlth
                     l - +3 ring of dexterity
HPRegen 1.38/turn    m - +3 ring of evasion
MPRegen 0.13/turn

%: no teleportation, faith
@: berserking, studying Staves, very quick
A: large, unfitting armour, claws 3, regeneration 1, shaggy fur 1, tough skin 1,
poison resistance, electricity resistance, subdued magic 1
a: Renounce Religion, Berserk, Trog's Hand, Brothers in Arms


You were in the Dungeon.
You worshipped Trog.
Trog was exalted by your worship.
You visited 1 branch You collected 61 gold pieces.

Inventory:

Armour
 a - a +0 animal skin
 k - a +0 cloak (worn)
 o - +0 swamp dragon scales (worn)
 p - a +0 troll leather armour
Jewellery
 l - a +3 ring of dexterity (left claw)
 m - a +3 ring of evasion (right claw)
 s - an amulet of guardian spirit
 t - a ring of poison resistance
 z - a ring of ice
 A - an amulet of faith (around neck)
 B - the amulet "Laomau" {Acrobat *Slow Dex+6}
   (You found it in the Dungeon)

   [amulet of the acrobat]

   Acrobat:   It increases your evasion while moving and waiting.
   Dex+6:     It affects your dexterity (+6).
   *Slow:     It may slow you when you take damage.
 C - the amulet of Vitality {RegenMP++ Regen++}
   (You took it off a deep elf knight in the Dungeon)

   [amulet of magic regeneration]

   RegenMP:   It increases your rate of magic regeneration.
   Regen++:   It increases your rate of health regeneration.
 E - a +5 ring of evasion
Wands
 r - a wand of flame (20)
 D - a wand of paralysis (7)
Scrolls
 g - a scroll of blinking
 i - 2 scrolls of vulnerability
 j - a scroll of summoning
 u - a scroll of fog
 v - 6 scrolls of enchant armour
 w - 3 scrolls of identify
 x - 2 scrolls of enchant weapon
 y - a scroll of fear
Potions
 b - 9 potions of curing
 c - 9 potions of heal wounds
 d - 5 potions of haste
 e - 4 potions of magic
 f - 4 potions of berserk rage
 h - 2 potions of invisibility
 n - a potion of mutation
 q - a potion of might


   Skills:
 + Level 16.3 Fighting
 + Level 13.9 Armour
 + Level 16.2 Dodging
 + Level 19.0 Unarmed Combat


You had 12 spell levels left.
You didn't know any spells.
Your spell library was empty.

Dungeon Overview and Level Annotations

Branches:
Dungeon (1/1)

Altars:
Ashenzari
Cheibriados
Dithmenos
Elyvilon
Fedhas
Gozag
Hepliaklqana
Kikubaaqudgha
Makhleb
Nemelex Xobeh
Okawaru
Qazlal
Ru
Sif Muna
Trog
Uskayaw
Vehumet
Wu Jian
Xom
Yredelemnul
Zin
The Shining One
Jiyva
Lugonu


Innate Abilities, Weirdness & Mutations

You are too large for most types of armour.
You have claws for hands.
Your natural rate of healing is unusually fast.
You are covered in fur. (AC +1)
You have tough skin. (AC +1)
Your system is resistant to poisons. (rPois)
You are resistant to electric shocks. (rElec)
Your spells are a little easier to cast, but a little less powerful.


Message History

You eviscerate the Killer Klown!!!
You kill the Killer Klown!
Trog accepts your kill.
Your Unarmed Combat skill increases to level 19!
Unknown command.
Unknown command.
Unknown command.
You start resting.
You feel yourself speed up.
You start resting.
You recover from your berserk rage.
There is an open door here.
You start resting.
HP restored.
As you open the door, it creaks loudly!
An orb of fire comes into view.
You eviscerate the orb of fire!!!
The orb of fire is moderately damaged.
The orb of fire glows red.
The fireball explodes!
The fireball engulfs you!!!
The fireball engulfs the orb of fire.
The orb of fire completely resists.
A red film seems to cover your vision as you go berserk!
You feel yourself moving faster!
You feel mighty!
You mangle the orb of fire!!
The orb of fire is moderately damaged.
You miss the orb of fire. Your claw misses the orb of fire.
The orb of fire is moderately damaged.
The orb of fire glows deep purple.
The fireball explodes!
The fireball engulfs you!!!
The fireball engulfs the orb of fire.
The orb of fire completely resists.
You miss the orb of fire.
The orb of fire is moderately damaged.
The orb of fire glows red.
The fireball explodes!
The fireball engulfs you!!!
* * * LOW HITPOINT WARNING * * *
The fireball engulfs the orb of fire.
The orb of fire completely resists.
Unknown command.
The orb of fire emits a lurid red light.
The fireball explodes!
The fireball engulfs you!!!
You die...

#+# #.# #*# #.#
#@# #.# #'# #)#
#รท# #)# #'#
################'#
..)).............#


You could see an orb of fire.

Vanquished Creatures
  A royal mummy (D)
  A Killer Klown (D)
  An Ice Fiend (D)
  A titan (D)
  A black draconian (D)
  Azrael (D)
  A red draconian (D)
  A hell beast (D)
  A boulder beetle (D)
  A demonic crawler (D)
  A death knight (D)
  A deep elf knight (D)
  2 sea snakes (D)
  A deep troll (D)
  A flayed ghost (D)
  An arcanist (D)
  3 deep elf pyromancers (D)
  2 deep elf zephyrmancers (D)
  A wolf spider (D)
  Joseph (D)
  A rust devil (D)
  An elephant (D)
  A black mamba (D)
  4 slime creatures (D)
  An eye of devastation (D)
  A cane toad (D)
  An unseen horror (D)
  An efreet (D)
  A large abomination (D)
  A kobold demonologist (D)
  A polar bear (D)
  A troll (D)
  Grinder (D)
  A glass eye (D)
  2 hornets (D)
  2 blink frogs (D)
  A jumping spider (D)
  2 fire bats (D)
  A yak (D)
  4 vampire mosquitoes (D)
  A chaos spawn (D)
  6 redbacks (D)
  3 swamp drakes (D)
  An orc warrior (D)
  An ice beast (D)
  6 wolves (D)
  A centaur (D)
  A phantom (D)
  A kobold brigand (D)
  An earth elemental (D)
  2 bullfrogs (D)
  A scorpion (D)
  A wight (D)
  3 killer bees (D)
  Crazy Yiuf (D)
  An orc wizard (D)
  A mummy (D)
  A white imp (D)
  An orc (D)
  A bat skeleton (D)
  An endoplasm (D)
  A giant cockroach (D)
  A goblin (D)
  2 jackals (D)
  2 quokkas (D)
  A bat (D)
  7 kobolds (D)
  3 rats (D)
106 creatures vanquished.

Vanquished Creatures (collateral kills)
  A blizzard demon (D)
  An alligator snapping turtle (D)
  Urug (D)
  A sea snake (D)
  A bog body (D)
  A swamp dragon (D)
  A lindwurm (D)
  A slime creature (D)
  A molten gargoyle (D)
  A cane toad (shapeshifter) (D)
  A kobold demonologist (D)
  A komodo dragon (D)
  A troll (D)
  A tarantella (D)
  A dream sheep (D)
  2 blink frogs (D)
  A wyvern (D)
  2 redbacks (D)
  2 water moccasins (D)
  A kobold brigand (D)
  A necrophage (D)
  A hell rat (D)
  A giant cockroach (D)
  2 jackals (D)
  A kobold (D)
  A jackal simulacrum (D)
30 creatures vanquished.

Grand Total: 136 creatures vanquished

Notes
Turn   | Place    | Note
-------+----------+-------------------------------------------
     0 | D        | sircluck the Troll Berserker began the quest for the Orb.
     0 | D        | Reached XP level 1. HP: 22/22 MP: 0/0
    24 | D        | Found a bloodstained altar of Trog.
    24 | D        | Found a shimmering blue altar of Sif Muna.
    24 | D        | Found a viscous altar of Jiyva.
    24 | D        | Found a hazy altar of Hepliaklqana.
    24 | D        | Found an opulent altar of Gozag.
    25 | D        | Found a glowing golden altar of the Shining One.
    25 | D        | Found a glowing silver altar of Zin.
    25 | D        | Found a basalt altar of Yredelemnul.
    25 | D        | Found a shimmering altar of Xom.
    25 | D        | Found an ornate altar of the Wu Jian Council.
    25 | D        | Found a sacrificial altar of Ru.
    25 | D        | Found a stormy altar of Qazlal.
    25 | D        | Found an iron altar of Okawaru.
    25 | D        | Found a sparkling altar of Nemelex Xobeh.
    25 | D        | Found a burning altar of Makhleb.
    25 | D        | Found a blossoming altar of Fedhas.
    25 | D        | Found a white marble altar of Elyvilon.
    25 | D        | Found a shadowy altar of Dithmenos.
    25 | D        | Found a snail-covered altar of Cheibriados.
    28 | D        | Found a corrupted altar of Lugonu.
    28 | D        | Found a radiant altar of Vehumet.
    29 | D        | Found an ancient bone altar of Kikubaaqudgha.
    29 | D        | Found a hide-covered altar of Uskayaw.
    29 | D        | Found a broken altar of Ashenzari.
    68 | D        | Reached ** piety under Trog
    72 | D        | Noticed a glass eye
    90 | D        | Killed a glass eye
    91 | D        | Reached skill level 7 in Unarmed Combat
    91 | D        | Reached XP level 2. HP: 34/36 MP: 1/1
    91 | D        | Reached XP level 3. HP: 42/44 MP: 2/2
    91 | D        | Reached XP level 4. HP: 50/52 MP: 3/3
    91 | D        | Reached XP level 5. HP: 56/59 MP: 4/4
   337 | D        | Noticed a wolf
   343 | D        | Killed a wolf
   343 | D        | Reached *** piety under Trog
   344 | D        | Reached XP level 6. HP: 40/68 MP: 5/5
   420 | D        | Reached skill level 8 in Unarmed Combat
   435 | D        | Reached **** piety under Trog
   462 | D        | Noticed Grinder
   465 | D        | Paralysed by Grinder for 2 turns
   471 | D        | Killed Grinder
   472 | D        | Reached skill level 9 in Unarmed Combat
   472 | D        | Reached XP level 7. HP: 70/80 MP: 6/6
   508 | D        | Reached skill level 10 in Unarmed Combat
   516 | D        | Noticed Crazy Yiuf
   518 | D        | Reached ***** piety under Trog
   526 | D        | Killed Crazy Yiuf
   544 | D        | Noticed a sea snake
   554 | D        | Reached skill level 1 in Armour
   554 | D        | Reached XP level 8. HP: 51/92 MP: 7/7
   559 | D        | Killed a sea snake
   560 | D        | Reached skill level 11 in Unarmed Combat
   565 | D        | Identified the +9 quarterstaff of Zouqar {heavy, rC+ Dex+3
                  | SInv} (Trog gifted it to you in the Dungeon)
   565 | D        | Received a gift from Trog
   728 | D        | Noticed a hornet
   738 | D        | Killed a hornet
   739 | D        | Reached skill level 10 in Fighting
   740 | D        | Reached XP level 9. HP: 72/101 MP: 8/8
   750 | D        | Reached ****** piety under Trog
   751 | D        | Reached skill level 10 in Dodging
   786 | D        | Reached skill level 12 in Unarmed Combat
   799 | D        | Noticed a swamp dragon
   799 | D        | Noticed a deep troll
   806 | D        | Killed a swamp dragon
   807 | D        | Reached skill level 5 in Armour
   808 | D        | Killed a deep troll
   808 | D        | Received a gift from Trog
   833 | D        | Noticed a boulder beetle
   849 | D        | Killed a boulder beetle
   850 | D        | Reached skill level 13 in Unarmed Combat
   850 | D        | Reached XP level 10. HP: 114/114 MP: 9/9
   897 | D        | Noticed a hell beast
   908 | D        | Killed a hell beast
   983 | D        | Noticed a wolf spider
   985 | D        | Received a gift from Trog
   988 | D        | Killed a wolf spider
  1138 | D        | Noticed a sea snake
  1243 | D        | Reached skill level 14 in Unarmed Combat
  1244 | D        | Killed a sea snake
  1267 | D        | Received a gift from Trog
  1303 | D        | Reached XP level 11. HP: 69/124 MP: 10/10
  1311 | D        | Received a gift from Trog
  1419 | D        | Noticed a flayed ghost
  1440 | D        | Killed a flayed ghost
  1441 | D        | Reached skill level 15 in Unarmed Combat
  1459 | D        | Noticed a demonic crawler
  1467 | D        | Noticed a sun demon
  1470 | D        | Killed a demonic crawler
  1471 | D        | Received a gift from Trog
  1473 | D        | Noticed Joseph
  1480 | D        | Killed Joseph
  1481 | D        | Reached skill level 10 in Armour
  1485 | D        | Noticed a bog body
  1489 | D        | Noticed an arcanist
  1490 | D        | Killed a bog body
  1490 | D        | Received a gift from Trog
  1504 | D        | Killed an arcanist
  1570 | D        | Noticed Urug
  1570 | D        | Noticed a sea snake
  1572 | D        | Received a gift from Trog
  1574 | D        | Noticed an alligator snapping turtle
  1581 | D        | Killed a sea snake
  1582 | D        | Reached skill level 16 in Unarmed Combat
  1585 | D        | Killed an alligator snapping turtle
  1589 | D        | Killed Urug
  1713 | D        | Gained mutation: You are partially covered in large bone
                  | plates. (SH +4) [potion of mutation]
  1714 | D        | Lost mutation: You are partially covered in large bone
                  | plates. (SH +4) [potion of mutation]
  1714 | D        | Gained mutation: Your spells are a little easier to cast,
                  | but a little less powerful. [potion of mutation]
  1714 | D        | Gained mutation: You are resistant to electric shocks.
                  | (rElec) [potion of mutation]
  1714 | D        | Gained mutation: Your system is resistant to poisons.
                  | (rPois) [potion of mutation]
  1799 | D        | Noticed a blizzard demon
  1800 | D        | Identified the ring "Tasang" {rPois rC+++ Str-4 Int-2
                  | Stlth+}
  1800 | D        | Noticed a black draconian
  1814 | D        | Reached XP level 12. HP: 139/139 MP: 11/11
  1816 | D        | Killed a blizzard demon
  1818 | D        | Killed a black draconian
  1836 | D        | Got the amulet "Laomau" {Acrobat *Slow Dex+6}
  1922 | D        | Received a gift from Trog
  1931 | D        | Reached skill level 17 in Unarmed Combat
  1935 | D        | Received a gift from Trog
  1951 | D        | Noticed a red draconian
  1958 | D        | Killed a red draconian
  1974 | D        | Received a gift from Trog
  1975 | D        | Reached skill level 15 in Fighting
  1992 | D        | Noticed Azrael
  1998 | D        | Killed Azrael
  1999 | D        | Reached skill level 15 in Dodging
  2039 | D        | Received a gift from Trog
  2104 | D        | Received a gift from Trog
  2117 | D        | Reached skill level 18 in Unarmed Combat
  2259 | D        | Noticed a death knight
  2266 | D        | Killed a death knight
  2266 | D        | Identified the +6 battleaxe "Palaq" {heavy, *Slow rN+++
                  | rCorr SInv} (Trog gifted it to you in the Dungeon)
  2266 | D        | Received a gift from Trog
  2452 | D        | Noticed an Ice Fiend
  2457 | D        | Killed an Ice Fiend
  2458 | D        | Reached XP level 13. HP: 95/152 MP: 12/12
  2517 | D        | Noticed a titan
  2525 | D        | Killed a titan
  2525 | D        | Received a gift from Trog
  2592 | D        | Noticed a royal mummy
  2602 | D        | Killed a royal mummy
  2670 | D        | Noticed a Killer Klown
  2681 | D        | Killed a Killer Klown
  2682 | D        | Reached skill level 19 in Unarmed Combat
  2733 | D        | Noticed an orb of fire
  2739 | D        | Killed from afar by an orb of fire

Illustrated notes

Levels and vault maps discovered:
D:        pitsprint [storerooms_1, entrance_room_1, metal_vault_1, armoury_2,
          mini_pit_1, grid_room_1, main_hall_1, silver_pit, the_coven_1,
          the_vestibule_1, steel_vault_3, golden_pit, hallway_of_sentries,
          crystal_vault_2, iron_vault_3, final_vault]

Skill      XL: |  1  2  3  4  5  6  7  8  9 10 11 12 13 |
---------------+----------------------------------------+-----
Fighting       | 6 8 9 10 11 12 14 15 16 | 16.3
Dodging        | 6 8 9 11 12 14 15 16 | 16.2
Unarmed Combat | 7 9 10 11 13 14 16 18 19 | 19.0
Armour         | 1 4 6 8 11 13 | 13.9

Action                     |  1- 3 |  4- 6 |  7- 9 | 10-12 | 13-15 || total
---------------------------+-------+-------+-------+-------+-------++-------
  Melee: Unarmed           |    22 |    29 |    71 |   214 |    29 ||   365
         Punch             |       |       |     3 |    14 |     4 ||    21
 Invoke: Berserk           |       |       |     1 |     4 |     2 ||     7
         Brothers in Arms  |       |       |     1 |     8 |       ||     9
    Use: Potion            |       |       |       |     3 |       ||     3
   Stab: Distracted        |       |       |     1 |     2 |       ||     3
 Armour: Animal skin       |     9 |    26 |    35 |       |       ||    70
         Swamp dragon scal |       |       |     2 |   114 |    21 ||   137
  Dodge: Dodged            |    13 |    13 |    41 |   143 |     7 ||   217

Table legend: (Time is in decaauts)
 A = Elapsed time spent in this place.
 B = Non-inter-level travel time spent in this place.
 C = Inter-level travel time spent in this place.
 D = Time resting spent in this place.
 E = Time spent auto-exploring this place.
 F = Levels seen in this place.
 G = Mean time per level.
                   A        B        C        D        E       F      G
               +--------+--------+--------+--------+--------+-----+--------+
         Total |   2748 |   2666 |     82 |   1195 |    411 |   1 | 2748.0 |
       Dungeon |   2748 |   2666 |     82 |   1195 |    411 |   1 | 2748.0 |
               +--------+--------+--------+--------+--------+-----+--------+

Top non-repeatable levels by time:
       D: 2748 daAuts
